 Dungeon Crawl Stone Soup version 0.31-a0-365-gcf821cafb2 (webtiles) character file.

Game seed: 2003112791494012226

109 Monkooky the Trooper (level 5, 0/34 HPs)
             Began as a Kobold Shapeshifter on July 27, 2023.
             Was an Initiate of Uskayaw.
             Slain by a gnoll
             ... wielding a +0 flail
              (8 damage)
             ... on level 2 of the Dungeon.
             The game lasted 00:03:12 (2223 turns).

Monkooky the Trooper (Kobold Shapeshifter)          Turns: 2223, Time: 00:03:12

Health: 0/34       AC:  5    Str: 12    XL:     5   Next: 13%
Magic:  2/5        EV: 14    Int: 10    God:    Uskayaw [......]
Gold:   102        SH:  0    Dex: 23    Spells: 4/4 levels left

rFire   + . .        n - +3 dagger
rCold   . . .        (no shield)
rNeg    . . .        s - +0 ring mail
rPois   .            (helmet currently unavailable)
rElec   .            (cloak currently unavailable)
rCorr   .            (gloves currently unavailable)
SInv    .            (boots currently unavailable)
Will    .....        (no amulet)
Stlth   ++           g - ring of protection from fire
HPRegen 0.25/turn    p - +6 ring of dexterity
MPRegen 0.09/turn

%: no passive effects
@: beast-form
A: beast (slay +2), small, no large weapons, nightstalker 3
a: Begin Untransformation, Renounce Religion


You were on level 2 of the Dungeon.
You worshipped Uskayaw.
Uskayaw was noncommittal.
You were a hulking beast.
You visited 1 branch of the dungeon, and saw 3 of its levels.

You collected 102 gold pieces.

Inventory:

Hand Weapons
 e - a +0 dagger of protection
 n - a +3 dagger (weapon)
Armour
 a - a +0 animal skin
 j - a +0 leather armour
 s - a +0 ring mail (worn)
Jewellery
 g - a ring of protection from fire (left hand)
 p - a +6 ring of dexterity (right hand)
Talismans
 c - a beast talisman
Scrolls
 d - 2 scrolls of identify {unknown}
 f - a scroll of noise {unknown}
 k - a scroll of vulnerability {unknown}
 l - a scroll of poison {unknown}
 m - a scroll of enchant armour {unknown}
 q - a scroll of teleportation {unknown}
Potions
 b - 2 potions of lignification
 h - a potion of invisibility {unknown}
 i - 2 potions of brilliance {unknown}
 o - 2 potions of curing {unknown}
 r - a potion of resistance {unknown}
 t - a potion of magic {unknown}


   Skills:
 - Level 4.3 Fighting
 + Level 2.5 Short Blades
 - Level 2.4 Dodging
 - Level 3.0 Unarmed Combat
 - Level 3.0 Shapeshifting


You had 4 spell levels left.
You didn't know any spells.
Your spell library contained the following spells:

 Spells                   Type           Power      Damage    Failure   Level
 Summon Small Mammal      Summ           0%         N/A       65%         1
 Call Canine Familiar     Summ           0%         N/A       95%         3
 Summon Guardian Golem    Hex/Summ       0%         N/A       95%         3


Dungeon Overview and Level Annotations

Branches:
Dungeon (3/15)

Altars:
Elyvilon
Hepliaklqana
Nemelex Xobeh
Uskayaw


Innate Abilities, Weirdness & Mutations

You are a hulking beast.
Your limbs bulge with bestial killing power. (Slay +2)
You are small and have problems with some larger weapons.
You are completely attuned to the shadows.


Message History

Uskayaw welcomes you!
You can now stomp with the beat.
There is an open door here.
You pick up a book of Callings and begin reading...
You add the spells Summon Small Mammal, Call Canine Familiar and Summon Guardian Golem to your library.
Found a stone staircase leading up.
Found 5 stones.
An adder comes into view.
An adder is nearby!
A gnoll comes into view. It is wielding a +0 flail.
The gnoll shouts!
You hear a shout!
The adder hisses angrily.
You hear an angry hiss.
A gnoll comes into view. It is wielding a +0 flail.
You hear a shout!
A gnoll comes into view. It is wielding a +0 spear.
The adder bites you.
You are poisoned.
The adder poisons you! The adder completely misses you.
The gnoll attacks as you move away! The gnoll hits you with a +0 flail!
You feel sick.
You barely miss the gnoll.
You feel sick. The gnoll closely misses you.
You puncture the gnoll!
The gnoll is heavily wounded.
You feel sick. The gnoll hits you with a +0 flail.
You feel sick.
You feel sick.
There is a stone staircase leading up here.
You feel sick. The gnoll barely misses you.
You climb upwards.
You feel sick.
You are no longer poisoned.
There is a stone staircase leading down here.
You hit the gnoll.
The gnoll is severely wounded.
The gnoll hits you with a +0 flail!
* * * LOW HITPOINT WARNING * * *
You stomp with the beat, sending a shockwave through the revellers around you!
The gnoll is almost dead.
You can no longer stomp with the beat.
The gnoll hits you with a +0 flail!
You die...

......(....#.#####.#
.###.#####...# #.#
####.# #...### #.#
...#.# #.#...# #.#
##.#.# #.#.#.# #.#
...#.# #.#.#.# #.#
####.# #.#.#.###.###
.....#####†#...g.....#
######..........h..#.#
#..#.###.#########.#
#..#.# #.# #.# #..#.#
#.# #.# ###..#.###.#
#.# .....#.#...# #.#
###.##.#.### #.#
#....#.# #.###
######.# #...#


You could see a gnoll.

Vanquished Creatures
  3 adders (D:2)
  A worm (D:2)
  A dart slug (D:2)
  An orc (D:3)
  6 ball pythons
  6 endoplasms
  5 giant cockroaches
  5 goblins
  4 hobgoblins
  9 jackals
  A quokka (D:1)
  7 bats
  A frilled lizard (D:1)
  13 kobolds
  4 rats
67 creatures vanquished.

Notes
Turn   | Place    | Note
-------+----------+-------------------------------------------
     0 | D:1      | Monkooky the Kobold Shapeshifter began the quest for the
                  | Orb.
     0 | D:1      | Reached XP level 1. HP: 12/12 MP: 1/1
    66 | D:1      | Reached skill level 2 in Fighting
    70 | D:1      | Reached XP level 2. HP: 3/17 MP: 2/2
   380 | D:1      | Reached skill level 3 in Fighting
   380 | D:1      | Reached XP level 3. HP: 22/23 MP: 3/3
  1068 | D:2      | Reached XP level 4. HP: 29/29 MP: 4/4
  1142 | D:2      | Reached skill level 4 in Fighting
  1493 | D:2      | Reached skill level 1 in Short Blades
  1976 | D:3      | Reached XP level 5. HP: 32/34 MP: 5/5
  2000 | D:3      | Identified the +1 robe "Onwumeni" {*Corrode rC+ MP+9}
  2098 | D:3      | Found a hazy altar of Hepliaklqana.
  2098 | D:3      | Found a sparkling altar of Nemelex Xobeh.
  2099 | D:3      | Found a white marble altar of Elyvilon.
  2131 | D:3      | Found a faded altar of an unknown god.
  2174 | D:3      | Prayed at the altar of an unknown god.
  2174 | D:3      | Became a worshipper of Uskayaw the Reveller
  2174 | D:3      | Reached * piety under Uskayaw
  2223 | D:2      | Slain by a gnoll

Illustrated notes

Levels and vault maps discovered:
D:1:      dpeg_arrival_rhombus, layout_rooms, minmay_split_cup_small
D:2:      minmay_razor_zed, layout_basic
D:3:      layout_basic, gammafunk_temple_overflow_forgotten,
          nicolae_overflow_ecumenical_swirl,
          shapermc_ecumenical_altar_starsandcircs, minmay_box_of_dots,
          uniq_grinder, uniq_terence, uniq_ijyb

Skill      XL: |  1  2  3  4 |
---------------+-------------+-----
Fighting       | 2 3 4 |  4.3
Short Blades   | 2 |  2.5
Dodging        | |  2.4
Unarmed Combat | |  3.0
Shapeshifting  | |  3.0

Action                     |  1- 3 |  4- 6 || total
---------------------------+-------+-------++-------
  Melee: Unarmed           |    57 |       ||    57
         Dagger            |    42 |    85 ||   127
         Punch             |     2 |       ||     2
 Invoke: Stomp             |       |     1 ||     1
   Stab: Sleeping          |     6 |     5 ||    11
         Distracted        |       |     1 ||     1
 Armour: Animal skin       |     7 |       ||     7
         Leather armour    |     5 |    24 ||    29
  Dodge: Dodged            |    74 |    69 ||   143

Table legend: (Time is in decaauts)
 A = Elapsed time spent in this place.
 B = Non-inter-level travel time spent in this place.
 C = Inter-level travel time spent in this place.
 D = Time resting spent in this place.
 E = Time spent auto-exploring this place.
 F = Levels seen in this place.
 G = Mean time per level.
                   A        B        C        D        E       F      G
               +--------+--------+--------+--------+--------+-----+--------+
         Total |   2215 |   2087 |    128 |      0 |   1690 |   3 |  738.3 |
       Dungeon |   2215 |   2087 |    128 |      0 |   1690 |   3 |  738.3 |
               +--------+--------+--------+--------+--------+-----+--------+

Top non-repeatable levels by time:
     D:2: 1033 daAuts
     D:1: 927 daAuts
     D:3: 254 daAuts
